Map: Barreira do Inverno LE

Players

llllllllllll - Winner!

  • Race: Terran Terran
  • League: Master
  • Spawn Location: 11:00

llllllllllll

  • Race: Zerg Zerg
  • League: Master
  • Spawn Location: 5:00

VOD

Have the link to the VOD?

Description

5:20 2 medivac stim with 5rax follow up before 1-1,7min 1-1timing

Time

  • Played on: Aug. 20, 2019, 11:36 p.m.
  • Length: 15:07
Show
View Real Time Build Order
Export as new Build Order

llllllllllll Terran - Winner!

Build Orders: Reaper Expand 

Get SALT Encoding   

  12  0:00  SCV  
  13  0:12  SCV  
  14  0:17  Supply Depot  
  14  0:25  SCV  
  15  0:38  SCV  
  15  0:40  Barracks  
  16  0:44  Refinery  
  16  0:50  SCV  
  17  1:02  SCV  
  18  1:15  SCV  
  19  1:27  Orbital Command, Reaper  
  20  1:39  Command Center  
  20  1:49  Supply Depot  
  20  1:54  SCV  
  21  1:59  Barracks Reactor  
  21  2:06  SCV  
  22  2:18  SCV  
  22  2:20  Command Center  
  23  2:30  SCV  
  23  2:35  Marine  
  23  2:36  Marine  
  26  2:47  SCV, Barracks  
  26  2:48  Refinery  
  27  2:53  Orbital Command  
  27  2:59  SCV  
  28  3:07  Marine x2  
  28  3:11  SCV  
  31  3:14  Factory  
  31  3:23  SCV x2  
  33  3:31  Orbital Command  
  33  3:33  Marine  
  33  3:34  Marine  
  35  3:35  Barracks Tech Lab  
  35  3:37  SCV  
  35  3:40  SCV  
  37  3:50  SCV  
  37  3:52  Marine, SCV  
  37  3:53  Marine x2  
  37  3:55  Stimpack  
  42  3:59  SCV, Starport  
  42  4:00  Factory Reactor  
  42  4:02  SCV  
  44  4:04  SCV  
  44  4:06  Supply Depot  
  45  4:10  Supply Depot  
  45  4:11  SCV  
  45  4:15  Barracks, SCV  
  45  4:16  SCV  
  48  4:23  SCV  
  49  4:25  Marine x3  
  49  4:27  SCV  
  49  4:28  SCV  
  49  4:30  Engineering Bay  
  54  4:35  SCV  
  54  4:36  Engineering Bay  
  55  4:39  SCV  
  55  4:40  SCV  
  57  4:47  Marine x2  
  57  4:48  Marine, SCV  
  57  4:51  SCV, Medivac x2  
  66  4:54  SCV  
  66  4:57  Factory Tech Lab, Refinery  
  66  4:59  Refinery  
  67  5:00  SCV  
  67  5:01  Supply Depot x2  
  67  5:06  Marine  
  69  5:09  SCV  
  69  5:10  SCV  
  71  5:15  Orbital Command  
  71  5:17  Terran Infantry Weapons Level 1  
  71  5:18  Marine, Terran Infantry Armor Level 1  
  71  5:19  Marine x2  
  74  5:36  Marine x2  
  74  5:37  Marine  
  74  5:40  Marine x2  
  74  5:42  Siege Tank  
  82  5:43  SCV, Starport Reactor  
  82  5:45  Supply Depot  
  82  5:47  Combat Shield  
  82  5:48  Supply Depot  
  82  5:49  SCV x2  
  85  5:54  Marine x3  
  88  5:58  Marine x2  
  88  6:00  Barracks  
  88  6:01  SCV  
  88  6:02  Barracks  
  91  6:20  Marine x4  
  91  6:21  Marine, Medivac  
  91  6:22  Siege Tank, Medivac  
  102  6:36  Armory  
  102  6:38  Marine x4  
  102  6:39  Marine  
  102  6:47  SCV  
  103  6:49  Barracks Reactor  
  103  6:50  Barracks Reactor  
  103  6:54  Medivac  
  101  6:56  Marine x5  
  106  7:06  Concussive Shells  
  106  7:07  Siege Tank  
  109  7:11  Factory  
  109  7:13  Refinery  
  109  7:14  Refinery  
  109  7:16  Marine x3, SCV x3  
  109  7:21  Marine x2  
  116  7:24  Supply Depot  
  116  7:25  Marine  
  116  7:29  Supply Depot  
  117  7:37  Marine x2  
  117  7:38  Marine, SCV  
  117  7:39  SCV x2  
  114  7:45  Marine x5  
  114  7:46  Marine  
  114  7:47  Siege Tank  
  114  7:50  SCV  
  114  7:51  SCV x2, Supply Depot x2  
  125  7:55  Supply Depot  
  126  8:02  SCV  
  126  8:03  Command Center, SCV x2  
  126  8:05  Marine x4  
  133  8:06  Factory Reactor  
  133  8:09  Barracks  
  133  8:12  Marine x2, Marauder  
  137  8:13  Drilling Claws  
  137  8:14  SCV  
  137  8:16  Barracks x2  
  138  8:22  Marine x3  
  138  8:23  Marine  
  138  8:24  Marine  
  135  8:34  Marine x3, Marauder  
  135  8:36  Siege Tank, Medivac x2  
  135  8:40  Marine  
  146  8:46  Marine x3  
  146  8:47  Marine  
  146  8:48  Widow Mine x2  
  154  8:52  Marine x3  
  157  8:58  Liberator x2  
  157  9:02  Marauder  
  157  9:08  Marine x4  
  147  9:13  Marine x4  
  147  9:14  Siege Tank, Widow Mine x2  
  155  9:18  Terran Infantry Armor Level 2, Terran Infantry Weapons Level 2  
  155  9:24  Marauder  
  152  9:25  Marine  
  152  9:26  Marine x3  
  149  9:36  Widow Mine  
  144  9:40  SCV x3  
  132  9:49  Marine x3  
  132  9:51  Marine x2  
  132  9:52  Marine x2, SCV x2  
  137  9:53  Marine x2  
  137  9:54  Barracks Tech Lab x2  
  137  9:55  Barracks Tech Lab  
  141  10:13  Marine x5  
  141  10:14  Marine, Marauder  
  148  10:25  Marine x2  
  143  10:31  Marine x6, Orbital Command  
  143  10:32  Marauder  
  143  10:33  Marauder x2  
  143  10:34  Siege Tank, Widow Mine x2  
  146  10:36  Marauder  
  143  10:43  Marine x2  
  134  11:17  Planetary Fortress  
  134  11:19  Refinery  
  134  11:20  Refinery  
  134  11:26  Marine  
  134  11:27  Supply Depot  
  134  11:28  Supply Depot x2  
  132  11:40  Terran Infantry Armor Level 3, Terran Infantry Weapons Level 3  
  132  11:49  Marine x9, Supply Depot, SCV x3, Marauder  
  132  11:50  Marauder x2, Supply Depot, Widow Mine x2  
  154  12:01  SCV x2  
  154  12:07  Marine x2  
  156  12:09  Marine x2  
  156  12:11  Marauder x2  
  145  12:15  Marine  
  145  12:16  Marine  
  145  12:19  Marine x2  
  145  12:20  Marine x2  
  145  12:21  Siege Tank, Widow Mine x2  
  146  12:24  Marine  
  146  12:26  Liberator x2  
  141  12:32  Marauder  
  141  12:33  Marauder  
  140  12:37  Marine x5  
  140  12:38  Marauder x2  
  154  12:45  Marine x3, Widow Mine x2  
  154  12:50  Ghost Academy, Starport  
  161  12:54  Marauder x2  
  161  12:55  Marine x4, Siege Tank  
  161  12:56  Starport  
  172  12:58  Supply Depot  
  172  13:16  SCV x2  
  172  13:17  Marauder  
  172  13:18  Marauder  
  159  13:21  Marine, Marauder x2  
  159  13:24  Marine  
  150  13:28  Marine x2  
  150  13:33  Marine x2  
  149  13:38  Marauder  
  125  13:56  Marine  
  125  13:57  Marine x2, Marauder x3  
  125  13:59  Marauder  
  127  14:27  Orbital Command  
  127  14:28  Marine x3  
  127  14:29  Marauder x2  
  123  14:46  Marine  
  123  14:47  Marine x3  
  123  14:49  Marine x2  
  123  14:50  SCV  
  133  14:53  SCV  
Show
View Real Time Build Order
Export as new Build Order

llllllllllll Zerg 

Build Orders: Hatch First 

Get SALT Encoding   

  12  0:06  Drone  
  13  0:15  Overlord  
  13  0:16  Drone  
  14  0:33  Drone x2  
  16  0:39  Drone  
  17  0:54  Hatchery  
  17  0:56  Drone  
  17  1:00  Drone  
  18  1:10  Extractor  
  17  1:14  Spawning Pool  
  17  1:16  Drone  
  17  1:21  Drone  
  18  1:32  Drone  
  19  1:45  Overlord  
  19  1:54  Drone  
  20  2:01  Queen  
  20  2:05  Zergling x2, Queen  
  20  2:06  Zergling x2  
  26  2:19  Hatchery  
  26  2:21  Drone  
  26  2:24  Drone  
  26  2:28  Drone  
  28  2:35  Metabolic Boost  
  28  2:37  Drone  
  29  2:44  Queen  
  29  2:48  Overlord  
  31  2:52  Drone  
  31  2:54  Drone  
  31  2:55  Drone  
  31  2:58  Drone  
  35  3:01  Drone  
  36  3:08  Overlord  
  36  3:11  Drone x2  
  38  3:14  Drone x2  
  38  3:16  Drone  
  38  3:17  Drone  
  42  3:23  Queen  
  44  3:28  Overlord  
  44  3:31  Drone  
  44  3:33  Drone  
  44  3:34  Drone  
  47  3:35  Drone  
  47  3:37  Drone  
  49  3:44  Drone x4  
  49  3:47  Queen  
  55  3:55  Overlord  
  55  3:58  Queen, Zergling x2  
  55  3:59  Zergling x2  
  59  4:03  Zergling x6  
  59  4:04  Zergling x2  
  59  4:09  Drone x3  
  66  4:18  Drone x2  
  66  4:19  Overlord  
  66  4:20  Overlord  
  66  4:22  Drone x2  
  70  4:30  Drone x2  
  72  4:32  Lair  
  72  4:35  Overlord  
  72  4:37  Drone x4  
  76  4:38  Baneling Nest  
  76  4:42  Extractor  
  76  4:43  Extractor  
  73  4:52  Evolution Chamber  
  73  4:53  Drone  
  73  4:54  Evolution Chamber  
  73  4:55  Drone  
  73  4:56  Zergling x12  
  79  5:09  Zergling x16  
  87  5:14  Extractor  
  87  5:17  Hatchery  
  87  5:18  Drone x2  
  87  5:20  Drone  
  88  5:24  Drone x2  
  90  5:29  Overlord  
  90  5:32  Overlord  
  90  5:37  Overlord x2  
  90  5:39  Zerg Ground Armor Level 1  
  90  5:54  Extractor  
  90  5:55  Drone, Extractor  
  90  5:56  Drone x3  
  93  5:57  Drone  
  93  5:59  Drone x2  
  93  6:00  Drone  
  93  6:01  Drone x2  
  93  6:02  Drone  
  93  6:03  Baneling x3  
  93  6:04  Baneling x2  
  98  6:08  Zerg Melee Weapons Level 1  
  98  6:09  Zergling x6  
  95  6:20  Queen  
  95  6:22  Queen  
  95  6:23  Hatchery  
  97  6:37  Zergling x2  
  97  6:38  Zergling x16  
  106  6:41  Queen  
  106  6:43  Centrifical Hooks  
  108  6:50  Infestation Pit  
  106  6:57  Drone x4  
  106  6:59  Spore Crawler  
  106  7:00  Drone x10  
  117  7:15  Hydralisk Den  
  117  7:17  Drone x2  
  117  7:18  Drone x2  
  117  7:19  Overlord x2, Drone  
  117  7:20  Zergling x8  
  125  7:33  Overlord x2  
  125  7:34  Overlord  
  125  7:35  Zergling x6  
  115  7:52  Zerg Ground Armor Level 2  
  115  7:53  Muscular Augments  
  115  7:54  Pathogen Glands  
  115  7:55  Hive  
  115  8:02  Baneling x6  
  115  8:03  Baneling x6  
  115  8:06  Extractor  
  115  8:07  Extractor  
  115  8:08  Drone x4  
  115  8:09  Zergling x2, Drone x2  
  115  8:10  Zergling x20  
  125  8:28  Hatchery  
  116  8:34  Hydralisk x8  
  116  8:35  Hydralisk x4  
  116  8:36  Hydralisk x4  
  116  8:38  Overlord x2  
  148  8:43  Overlord x2  
  148  8:45  Baneling x3  
  148  8:46  Baneling x10  
  139  9:07  Zergling x22  
  138  9:12  Zergling x6  
  130  9:19  Zergling x2  
  130  9:20  Zergling x6  
  129  9:24  Zergling x12  
  129  9:25  Zergling x12  
  115  9:41  Zergling x12  
  107  9:46  Baneling  
  107  9:47  Viper x4, Baneling x6  
  118  9:56  Queen  
  113  10:12  Zergling x6  
  113  10:13  Zergling x26  
  126  10:16  Hatchery  
  121  10:24  Zerg Melee Weapons Level 2, Zerg Ground Armor Level 3  
  121  10:28  Hydralisk x9  
  109  10:44  Hydralisk x4  
  109  10:45  Spore Crawler  
  98  11:12  Ultralisk Cavern  
  97  11:19  Drone x4  
  97  11:20  Drone x5  
  106  11:29  Extractor  
  106  11:32  Extractor  
  104  11:40  Zergling x16  
  112  11:47  Hatchery  
  106  12:03  Zergling x14  
  106  12:04  Zergling x16  
  89  12:33  Zergling x26  
  100  12:43  Chitinous Plating  
  100  12:47  Ultralisk  
  106  12:56  Baneling x10  
  106  12:59  Ultralisk  
  112  13:10  Ultralisk  
  106  13:20  Zergling x2  
  106  13:21  Zergling x14  
  100  13:37  Ultralisk  
  79  13:48  Zergling x8  
  79  13:49  Zergling x16  
  82  13:56  Zergling x2  
  82  13:57  Zergling x8  
  84  14:03  Infestor x2  
  88  14:11  Overseer  
  85  14:23  Ultralisk  
  60  14:47  Zergling x12  
  60  14:48  Zergling x18  
Tags
 
Add a new tag
Caveats
  • Supply blocks, unpowered buildings, or Contaminate may cause inaccurate times.
  • Supply counts are checked every 10 seconds.